 Dungeon Crawl Stone Soup version 0.25-a0-589-g1e14c549ee (webtiles) character file.

Game seed: 14768215453527230995, levelgen mode: deterministic

45 An17 the Ruffian (level 3, -4/28 HPs)
             Began as a Draconian Transmuter on Mar 9, 2020.
             Slain by a hobgoblin
             ... wielding a +0 club
             ... led by Robin
              (6 damage)
             ... on level 2 of the Dungeon.
             The game lasted 00:02:18 (746 turns).

An17 the Ruffian (Draconian Transmuter)              Turns: 746, Time: 00:02:18

Health: -4/28      AC:  5    Str: 13    XL:     3   Next: 42%
Magic:  6/6        EV: 12    Int: 13    God:
Gold:   58         SH:  0    Dex: 11    Spells: 3/6 levels left

rFire    . . .     SeeInvis .     - Unarmed
rCold    . . .     Gourm    .   (no shield)
rNeg     . . .     Faith    .   (armour unavailable)
rPois    .         Spirit   .   (helmet restricted)
rElec    .         Reflect  .   (no cloak)
rCorr    .         Harm     .   (no gloves)
MR       .....                  (no boots)
Stlth    +.........             (no amulet)
HPRegen  0.09/turn              (no ring)
MPRegen  0.10/turn              (no ring)

@: no status effects
A: unfitting armour, cold-blooded, AC +5
a: no special abilities


You were on level 2 of the Dungeon.
You were not hungry.

You visited 1 branch of the dungeon, and saw 2 of its levels.

You collected 58 gold pieces.

Inventory:

Missiles
 a - 25 arrows
Scrolls
 e - a scroll of identify
Potions
 b - a potion of lignification
 d - a potion of curing {unknown}
 f - a potion of might {unknown}
Comestibles
 c - 8 rations


   Skills:
 + Level 1.1 Fighting
 + Level 2.0 Dodging
 + Level 4.0 Unarmed Combat
 + Level 2.3 Spellcasting
 + Level 2.2 Transmutations


You had 3 spell levels left.
You knew the following spells:

 Your Spells              Type           Power        Failure   Level  Hunger
a - Beastly Appendage     Tmut           #.....       10%         1    #......
b - Sticks to Snakes      Tmut           #.......     16%         2    ###....

Your spell library contained the following spells:

 Spells                   Type           Power        Failure   Level  Hunger
 Spider Form              Tmut/Pois      #.........   43%         3    ###....
 Ice Form                 Ice/Tmut       #.......     83%         4    #####..
 Blade Hands              Tmut           #.........   95%         5    ######.


Dungeon Overview and Level Annotations

Branches:
Dungeon (2/15)

Altars:


Innate Abilities, Weirdness & Mutations

Your plain brown scales are hard. (AC +5)
You cannot fit into any form of body armour.
You are cold-blooded and may be slowed by cold attacks.


Message History

You hit the goblin.
You kill the goblin!
The goblin closely misses you.
The hobgoblin hits you but does no damage.
The goblin barely misses you.
There is a stone staircase leading up here.
You see here a goblin corpse.
Items here: ( )))) †††† You miss the goblin.
The goblin barely misses you.
You barely miss the goblin.
You tail-slap the goblin, but do no damage.
The goblin hits you but does no damage.
You barely miss the goblin.
Your tail-slap misses the goblin.
The goblin hits you but does no damage.
You hit the goblin.
You kill the goblin!
You closely miss the hobgoblin. The hobgoblin hits you with a +0 club.
* * * LOW HITPOINT WARNING * * *
You barely miss the hobgoblin. The hobgoblin hits you with a +0 club.
You die...

#.#. #...#
...#####.#
##.#...#...#
.......#..##
# #....#
#.#..#.#
#...)..#
####g### #@#
#(# #†# ##.#
#..# #.##
#.# #.# #.#


You could see a hobgoblin.

Vanquished Creatures
  Robin (D:2)
  2 leopard geckos (D:1)
  A ball python (D:1)
  3 bats
  A giant cockroach (D:1)
  10 goblins
  6 hobgoblins
  2 kobolds (D:1)
  A rat (D:1)
27 creatures vanquished.

Notes
Turn   | Place    | Note
-------+----------+-------------------------------------------
     0 | D:1      | An17 the Draconian Transmuter began the quest for the Orb.
     0 | D:1      | Reached XP level 1. HP: 16/16 MP: 3/3
   264 | D:1      | Reached XP level 2. HP: 23/23 MP: 5/5
   268 | D:1      | Learned a level 2 spell: Sticks to Snakes
   697 | D:2      | Noticed Robin
   718 | D:2      | Reached XP level 3. HP: 18/28 MP: 4/6
   734 | D:2      | Killed Robin
   734 | D:2      | Reached skill level 4 in Unarmed Combat
   746 | D:2      | Slain by a hobgoblin

Levels and vault maps discovered:
D:1:      eino_arrival_cavern_e, layout_loops_ring
D:2:      layout_loops_cross, minmay_tromino_v4_c, uniq_robin

Skill      XL: |  1  2  3 |
---------------+----------+-----
Dodging        | 2 |  2.0
Unarmed Combat | 4 |  4.0
Fighting       | |  1.1
Spellcasting   | |  2.3
Transmutations | |  2.2

Action                   || total
-------------------------++-------
Melee: Unarmed           ||    81
       Kick              ||    11
       Tailslap          ||     6
       Punch             ||     1
 Cast: Beastly Appendage ||    11
  Use: Scroll            ||     5
 Stab: Sleeping          ||     1
Armor: Skin              ||    15
Dodge: Dodged            ||    50

Table legend:
 A = Non-vault XP
 B = Vault XP
 C = Vault XP percentage of total XP
 D = Non-vault monster count
 E = Vault monster count
 F = Vault count percentage of total count
                 A         B        C        D         E       F
            +---------+---------+-------+---------+---------+-------
      Total |      33 |      32 |  49.2 |      17 |      10 |  37.0
            +---------+---------+-------+---------+---------+-------
        D:1 |      30 |       0 |   0.0 |      15 |       0 |   0.0
        D:2 |       3 |      32 |  91.4 |       2 |      10 |  83.3
            +---------+---------+-------+---------+---------+-------
